Map: Lightshade LE

Players

CowboyDan

  • Race: Terran Terran
  • League: Diamond
  • Spawn Location: 5:00

DeathByToss - Winner!

  • Race: Protoss Protoss
  • League: Master
  • Spawn Location: 11:00

VOD

Have the link to the VOD?

Description

Time

  • Played on: Dec. 10, 2020, 2:38 p.m.
  • Length: 13:21
Show
View Real Time Build Order
Export as new Build Order

CowboyDan Terran 

Build Orders:  

Get SALT Encoding   

  12  0:00  SCV  
  13  0:12  SCV  
  14  0:18  Supply Depot  
  14  0:24  SCV  
  15  0:40  SCV  
  15  0:41  Barracks  
  16  0:46  Refinery  
  16  0:52  SCV  
  17  1:04  SCV  
  18  1:16  SCV  
  19  1:29  Orbital Command  
  19  1:31  Reaper  
  20  1:37  Engineering Bay  
  20  2:00  SCV  
  21  2:05  Refinery, Command Center  
  21  2:12  SCV  
  22  2:22  Factory  
  22  2:29  Supply Depot  
  23  2:30  SCV  
  23  2:31  Barracks Reactor  
  23  2:42  Engineering Bay  
  23  2:51  SCV  
  24  3:03  SCV  
  25  3:06  Factory Tech Lab  
  25  3:07  Starport  
  25  3:09  Marine x2  
  25  3:27  Marine  
  27  3:38  Marine  
  25  3:56  Marine  
  26  4:05  SCV  
  27  4:11  Siege Tank  
  27  4:16  Liberator  
  33  4:23  SCV  
  34  4:27  Barracks Reactor  
  34  4:29  Marine  
  35  4:41  Command Center  
  35  4:43  Siege Tank  
  38  4:47  Marine  
  36  5:11  Marine  
  30  5:15  Siege Tank  
  30  5:24  Liberator  
  33  5:29  Marine  
  34  5:47  Marine, Supply Depot  
  34  5:48  Supply Depot x2  
  33  5:59  Siege Tank  
  36  6:05  Marine  
  29  6:38  SCV  
  30  6:50  SCV  
  29  7:02  SCV  
  29  7:03  Orbital Command  
  30  7:14  SCV  
  31  7:17  Marine  
  32  7:27  SCV  
  32  7:28  SCV  
  34  7:30  Barracks  
  34  7:31  Barracks x2  
  34  7:39  SCV  
  34  7:40  SCV  
  34  7:41  Barracks Tech Lab  
  36  8:01  SCV  
  36  8:04  Marine  
  36  8:05  Stimpack  
  38  8:07  Orbital Command  
  38  8:12  Starport Reactor  
  38  8:13  SCV  
  39  8:21  Barracks Reactor x2  
  39  8:25  SCV, Barracks Tech Lab  
  40  8:33  SCV  
  41  8:37  SCV  
  41  8:39  Marauder  
  44  8:45  SCV  
  45  8:49  SCV  
  45  8:51  Medivac  
  45  8:54  Marauder  
  50  8:59  Supply Depot  
  50  9:02  Marine, SCV x2  
  52  9:03  Marine  
  54  9:20  Marine x2  
  54  9:21  Marauder  
  58  9:33  Barracks Tech Lab  
  58  9:36  Marine x2  
  60  9:42  Marauder  
  60  9:43  Supply Depot x2  
  60  9:44  Supply Depot  
  62  10:05  Marine x6, Siege Tank  
  71  10:09  Medivac  
  71  10:10  Medivac  
  75  10:23  Marine x5  
  75  10:26  Bunker  
  80  10:29  Bunker  
  60  10:43  Viking x2  
  60  10:45  Marauder x2, Marine x4  
  60  10:46  SCV  
  60  10:49  SCV  
  71  11:02  Marine  
  71  11:03  SCV  
  74  11:04  SCV  
  74  11:07  Marine  
  75  11:13  Viking x2  
  75  11:15  SCV  
  75  11:16  SCV  
  81  11:20  Marine x5  
  86  11:28  Marine  
  84  11:38  Marauder, Marine x2  
  76  11:45  Marauder, Marine  
  76  11:46  Marine  
  54  11:55  Marine  
  41  12:08  Orbital Command  
Show
View Real Time Build Order
Export as new Build Order

DeathByToss Protoss - Winner!

Build Orders:  

Get SALT Encoding   

  12  0:00  Probe  
  13  0:13  Probe  
  14  0:25  Probe  
  14  0:27  Pylon  
  15  0:45  Probe  
  15  0:46  Gateway  
  15  0:49  Assimilator  
  16  0:56  Pylon  
  16  0:57  Probe  
  17  1:09  Probe  
  18  1:25  Probe  
  19  1:28  Gateway  
  19  1:31  Gateway  
  19  1:39  Cybernetics Core  
  19  1:47  Assimilator  
  19  1:57  Probe  
  20  2:14  Probe, Adept (Chrono Boost)  
  23  2:17  Stalker (Chrono Boost)  
  23  2:18  Stalker (Chrono Boost), Warp Gate (Chrono Boost)  
  27  2:26  Probe  
  28  2:37  Pylon  
  28  2:43  Stalker  
  30  3:13  Stalker x2  
  30  3:16  Pylon  
  34  3:43  Stalker x2  
  32  4:12  Robotics Facility  
  32  4:15  Twilight Council  
  32  4:21  Stalker x2  
  32  4:22  Adept  
  38  4:52  Stalker  
  40  4:54  Stalker  
  40  4:55  Nexus  
  38  5:10  Adept  
  34  5:16  Adept  
  34  5:17  Adept  
  36  5:35  Stalker  
  38  5:36  Stalker  
  40  5:47  Charge (Chrono Boost), Probe  
  40  5:49  Observer (Chrono Boost)  
  38  6:00  Adept x2  
  38  6:03  Probe  
  33  6:37  Zealot x3  
  33  6:39  Probe, Robotics Bay  
  36  6:40  Probe  
  33  6:56  Probe (Chrono Boost), Pylon  
  35  7:01  Probe (Chrono Boost)  
  35  7:12  Probe (Chrono Boost)  
  35  7:15  Gateway  
  36  7:18  Gateway  
  36  7:22  Probe (Chrono Boost), Gateway  
  37  7:27  Disruptor (Chrono Boost)  
  40  7:47  Zealot x2  
  40  7:48  Zealot  
  46  7:59  Warp Prism (Chrono Boost)  
  48  8:11  Zealot  
  48  8:12  Zealot x2  
  54  8:27  Sentry  
  54  8:29  Probe  
  54  8:30  Colossus (Chrono Boost)  
  63  8:52  Probe x2  
  63  8:53  Nexus  
  65  9:03  Extended Thermal Lance (Chrono Boost)  
  65  9:06  Probe x2  
  67  9:23  Zealot x2  
  67  9:24  Zealot x2  
  68  9:36  Zealot x2  
  66  9:39  Gateway  
  66  10:00  Zealot x2  
  66  10:01  Colossus (Chrono Boost)  
  66  10:04  Shield Battery  
  76  10:07  Pylon  
  76  10:13  Sentry x3  
  82  10:21  Stalker  
  84  10:29  Zealot x2  
  80  10:39  Stalker x2  
  80  10:45  Zealot x2  
  80  10:49  Probe (Chrono Boost)  
  81  10:52  Probe (Chrono Boost)  
  82  11:00  Stalker  
  82  11:02  Probe x2 (Chrono Boost), Stalker  
  88  11:07  Observer  
  88  11:11  Probe (Chrono Boost)  
  91  11:12  Probe (Chrono Boost)  
  91  11:17  Stalker  
  93  11:24  Pylon  
  93  11:28  Pylon  
  87  11:46  Stalker x3  
  83  11:47  Zealot x2  
  83  11:50  Assimilator  
  83  11:51  Assimilator  
  81  11:59  Nexus  
  76  12:04  Probe x2  
  74  12:08  Zealot x2  
  74  12:09  Zealot x2  
  72  12:31  Probe (Chrono Boost)  
  72  12:32  Probe (Chrono Boost)  
  72  12:34  Disruptor (Chrono Boost)  
  72  12:37  Zealot x2  
  79  12:43  Probe (Chrono Boost)  
  83  12:44  Probe (Chrono Boost)  
  83  12:46  Assimilator  
  83  12:48  Zealot  
  83  12:49  Zealot  
  87  12:56  Pylon  
  71  13:09  Zealot x3  
  71  13:10  Zealot x2  
Tags
 
Add a new tag
Caveats
  • Supply blocks, unpowered buildings, or Contaminate may cause inaccurate times.
  • Supply counts are checked every 10 seconds.